 Dungeon Crawl Stone Soup version 0.28.0-53-g5a82cb258f (webtiles) character file.

Game seed: 17112793108174352926

82747 jjjjhere the Impassioned (level 15, 0/78 HPs)
             Began as a Vine Stalker Brigand on Aug 10, 2022.
             Was a High Priest of Uskayaw.
             Slain by an orc sorcerer
             ... wielding a +0 dagger
              (1 damage)
             ... while paralysed by an orc sorcerer
             ... on level 2 of the Orcish Mines.
             The game lasted 00:47:37 (21859 turns).

jjjjhere the Impassioned (Vine Stalker Brigand)    Turns: 21859, Time: 00:47:38

Health: 0/78       AC:  9    Str: 12    XL:     15   Next: 74%
Magic:  0/28       EV:  2    Int: 11    God:    Uskayaw [*****.]
Gold:   1778       SH:  0    Dex: 24    Spells: 14/14 levels left

rFire   + . .      SeeInvis .   W - +2 rapier (spect)
rCold   . . .      Faith    .   n - +0 kite shield {reflect}
rNeg    + + .      Spirit   +   b - +0 steam dragon scales of Autumn {rElec Regen+ Str-4}
rPois   .          Reflect  +   f - +1 helmet
rElec   +          Harm     .   K - +2 cloak {rF+}
rCorr   .          Rampage  .   a - +0 pair of gloves
Will    +....                   E - +0 pair of boots of Jeylal {Str+3}
Stlth   ++++++....              u - amulet of regeneration
HPRegen 2.63/turn               c - ring "Byecruap" {rN++ EV+4}
MPRegen 0.21/turn               J - +4 ring of evasion

@: paralysed, lethally poisoned (0 -> 0), studying Long Blades
A: fangs 3, regeneration 1, magic shield, antimagic bite, no potion heal 2,
deformed body
a: Renounce Religion, Stomp, Line Pass, Grand Finale


You were on level 2 of the Orcish Mines.
You worshipped Uskayaw.
Uskayaw was most pleased with you.
You visited 4 branches of the dungeon, and saw 21 of its levels.
You also visited: Ice Cave and Volcano.

You collected 2050 gold pieces.
You spent 272 gold pieces at shops.

Inventory:

Hand Weapons
 k - a +2 dagger of draining
 L - a +4 dagger
 V - a +3 scimitar of flaming
 W - a +2 spectral rapier (weapon)
Missiles
 d - 29 poisoned darts
 e - 5 curare-tipped darts
 A - 3 atropa-tipped darts
 M - 5 throwing nets (quivered)
Armour
 a - a +0 pair of gloves (worn)
 b - the +0 steam dragon scales of Autumn (worn) {rElec Regen+ Str-4}
   (You took it off a deep elf pyromancer on level 9 of the Dungeon)

   Str:       It affects your strength (-4).
   rElec:     It insulates you from electricity.
   Regen:     It increases your rate of health regeneration.
 f - a +1 helmet (worn)
 n - a +0 kite shield of reflection (worn)
 E - the +0 pair of boots of Jeylal (worn) {Str+3}
   (You bought it in a shop on level 4 of the Dungeon)

   Str:       It affects your strength (+3).
 K - a +2 cloak of fire resistance (worn)
 O - the +3 robe of Diojipp {rC+}
   (You found it on level 9 of the Dungeon)

   rC:        It protects you from cold.
 S - a +2 robe of resistance
 Z - a +2 buckler
Jewellery
 c - the ring "Byecruap" (left hand) {rN++ EV+4}
   (You found it on level 9 of the Dungeon)

   [ring of evasion]

   EV:        It affects your evasion (+4).
   rN:        It greatly protects you from negative energy.
 g - a ring of wizardry
 u - an amulet of regeneration (around neck)
 x - a ring of resist corrosion
 y - a ring of protection from fire
 C - a ring of willpower
 J - a +4 ring of evasion (right hand)
 R - a ring of protection from cold
Wands
 o - a wand of paralysis (17)
 w - a wand of iceblast (18)
 z - a wand of acid (2)
 H - a wand of flame (13)
Scrolls
 h - 9 scrolls of teleportation
 m - 5 scrolls of identify
 s - a scroll of fog
 v - 2 scrolls of enchant armour
 B - a scroll of silence
 D - a scroll of blinking
 N - 4 scrolls of enchant weapon
 Q - 2 scrolls of fear
Potions
 i - a potion of berserk rage
 j - a potion of mutation
 l - 3 potions of lignification
 p - 6 potions of brilliance
 q - 5 potions of curing
 r - 2 potions of invisibility
 t - a potion of ambrosia
 F - 2 potions of attraction
 G - a potion of resistance
 P - 2 potions of magic
 T - 4 potions of flight
 U - 2 potions of might
 X - a potion of haste
Miscellaneous
 I - a phantom mirror
 Y - a box of beasts


   Skills:
 - Level 8.4 Fighting
 + Level 11.9(12.0) Short Blades
 - Level 2.7(8.1) Long Blades
 - Level 1.7 Throwing
 - Level 8.2 Dodging
 - Level 15.0 Stealth
 + Level 5.4 Shields
 + Level 16.5 Invocations
 - Level 2.6 Evocations


You had 14 spell levels left.
You didn't know any spells.
Your spell library contained the following spells:

 Spells                   Type           Power      Damage    Failure   Level
 Animate Skeleton         Necr           0%         N/A       69%         1
 Apportation              Tloc           0%         N/A       69%         1
 Shock                    Conj/Air       0%         1d3       69%         1
 Slow                     Hex            0%         N/A       69%         1
 Summon Small Mammal      Summ           0%         N/A       69%         1
 Poisonous Vapours        Pois/Air       0%         N/A       83%         2
 Static Discharge         Conj/Air       0%         N/A       83%         2
 Confusing Touch          Hex            0%         N/A       96%         3
 Conjure Flame            Conj/Fire      0%         6-21      96%         3
 Gell's Gravitas          Tloc           0%         N/A       96%         3
 Ignite Poison            Fire/Tmut/Pois 0%         N/A       96%         3
 Portal Projectile        Hex/Tloc       0%         N/A       96%         3
 Stone Arrow              Conj/Erth      0%         3d7       96%         3
 Swiftness                Air            0%         N/A       96%         3
 Teleport Other           Tloc           0%         N/A       96%         3
 Vampiric Draining        Necr           0%         2d6       96%         3
 Animate Armour           Summ/Erth      0%         N/A       100%        4
 Dispel Undead            Necr           0%         3d6       100%        4
 Sticky Flame             Conj/Fire      0%         2d3       100%        4
 Blade Hands              Tmut           0%         N/A       100%        5
 Excruciating Wounds      Necr           0%         N/A       100%        5
 Dispersal                Tloc           0%         N/A       100%        6
 Lehudib's Crystal Spear  Conj/Erth      0%         10d2      100%        8
 Maxwell's Capacitive Co  Air            0%         ∞         100%        8


Dungeon Overview and Level Annotations

Branches:
Dungeon (12/15)            Temple (1/1) D:4            Lair (6/6) D:9
  Swamp (0/4) Lair:2       Spider (0/4) Lair:4        Slime (0/5) Lair:5
    Orc (2/2) D:12            Elf (0/3) Orc:2         IceCv (visited)
Volcano (visited)

Altars:
Cheibriados
Elyvilon
Fedhas
Gozag
Hepliaklqana
Kikubaaqudgha
Makhleb
Nemelex Xobeh
Okawaru
Qazlal
Ru
Sif Muna
Uskayaw
Wu Jian
Xom
Yredelemnul
Zin
The Shining One
Jiyva

Shops:
D:4 [   D:8 (   D:9 *   D:10 =   Orc:2 *!

Annotations:
D:5 2 runed translucent doors, COBRA's ghost, amateur HOFi
Lair:1 exclusion: oklob plant
Lair:4 exclusion: oklob plant
Lair:5 1 runed translucent door


Innate Abilities, Weirdness & Mutations

You have razor-sharp teeth.
Your natural rate of healing is unusually fast.
When hurt, damage is shared between your health and your magic reserves.
Your bite disrupts and absorbs the magic of your enemies.
Potions cannot restore your health.
Armour fits poorly on your strangely shaped body.


Message History

The orc high priest is moderately wounded.
Your +2 spectral rapier hits the orc high priest.
The orange demon completely misses you.
The orc high priest closely misses your +2 spectral rapier.
The orc knight closely misses you.
Uskayaw links your audience in an emotional bond!
You puncture the orc high priest!
The orc high priest is heavily wounded.
Your +2 spectral rapier hits the orc high priest!
You kill the red devil!
The red devil disappears in a puff of smoke!
You kill the smoke demon!
The smoke demon disappears in a puff of smoke!
You kill the orc high priest!
You hear a shout!
The orc sorcerer casts a spell at you.
You suddenly lose the ability to move!
Your life force feels restored.
The orange demon stings you from afar!
You are poisoned.
The orange demon poisons you!
The orc knight hits you from afar with a +0 glaive!!
You feel very sick.
The orange demon stings you but does no damage.
The orc knight hits you from afar with a +0 glaive.
You feel very sick. The orange demon stings you from afar.
The orc knight hits you from afar with a +0 glaive!
The orc sorcerer hits you with a +0 dagger!
You feel very sick.
The orange demon stings you but does no damage.
The demonspawn hits you but does no damage.
The demonspawn claws you!
* * * LOW HITPOINT WARNING * * *
The demonspawn gores you!
* * * LOW HITPOINT WARNING * * *
The orc knight hits you from afar with a +0 glaive!!
* * * LOW HITPOINT WARNING * * *
The orc sorcerer hits you with a +0 dagger.
You die...

# ###......#......#####..###....
## ##.#.........###.###.)###..#
.# ##.##.......###...###..###..
.# ##...##.##.####.#.#.###..###.
## ##...######.###)).#...###.)###
## #....#.....###.))###...###))##
.# ##........###).)## ##..)###))#
######>.....###...## ##..)^....
#.#.....#.####4o@## ##...#)))
..........###.#6## ##.).)#)
.........###..oo.o.# ##...))
).......###.....#.## ##..#.
.........###.......# ##))..)
..........###.#.# .6# ##....#.
...........###...##..# ##...#...
.....#......###...##...##..).....
#............###.oo##.##...###..#


You could see a demonspawn, an orc knight (pain bonded), an orange demon
(summoned, pain bonded), an orc sorcerer (strong, pain bonded) and an orc priest
(strong).

Vanquished Creatures
  Donald (Orc:2)
  A stone giant (Volcano)
  Snorg (Lair:6)
  Josephine (Orc:1)
  10 hydras
  Harold (Orc:1)
  A boulder beetle (Lair:3)
  3 two-headed ogres
  Erica (Orc:1)
  4 orc high priests (Orc:2)
  5 death yaks (D:9)
  Urug (Lair:2)
  Nergalle (Lair:2)
  A soul eater (Orc:2)
  Sonja (Lair:3)
  A sixfirhy (Orc:2)
  4 skeletal warriors
  2 orc knights (Orc:2)
  3 deep elf pyromancers
  2 ugly things
  2 orc sorcerers
  2 manticores
  A cyclops (D:9)
  7 black mambas
  32 elephants
  An ice statue (IceCv)
  4 gargoyles
  12 cane toads
  An unseen horror (D:11)
  3 rime drakes (Lair:4)
  A kobold demonologist (D:11)
  An efreet (Volcano)
  6 komodo dragons
  3 entropy weaver simulacra (IceCv)
  3 hellwings (Orc:2)
  7 trolls
  6 polar bears
  17 blink frogs
  A tyrant leech (Lair:2)
  2 dream sheep (Lair:6)
  6 hornets
  4 culicivoras (Lair:4)
  3 jumping spiders (Lair:4)
  Sigmund (D:2)
  15 yaks
  2 shadows
  A vampire (D:12)
  12 spriggans (Lair:6)
  4 wyverns
  7 wraiths
  A chaos spawn (Orc:2)
  A fire elemental (Volcano)
  3 basilisks
  Menkaure (D:4)
  A death yak simulacrum (IceCv)
  3 redbacks (Lair:4)
  6 wargs
  A steam dragon (D:9)
  5 acid dragons
  Edmund (D:6)
  22 water moccasins
  28 orc warriors
  An ice beast (D:7)
  2 sky beasts
  5 black bears
  17 centaurs
  5 ogres
  23 wolves (Lair:6)
  4 boggarts (Lair:6)
  A necrophage (D:7)
  A phantom (D:5)
  Blork the orc (D:4)
  A kobold brigand (D:9)
  5 two-headed ogre simulacra (IceCv)
  7 bullfrogs
  3 scorpions
  2 cane toad simulacra (IceCv)
  3 water moccasin skeletons
  9 killer bees
  2 elephant simulacra (IceCv)
  6 wights
  2 howler monkeys (D:10)
  7 centaur zombies
  2 bullfrog skeletons
  5 centaur skeletons
  4 iguanas
  18 orc priests
  A jelly (D:6)
  2 gnoll shamans
  Natasha (thrice) (D:2)
  A scorpion zombie (D:5)
  17 orc wizards
  10 hell rats
  7 troll simulacra (IceCv)
  A polar bear simulacrum (IceCv)
  A killer bee zombie (D:7)
  6 wolf simulacra (IceCv)
  A hound skeleton (D:4)
  A howler monkey zombie (D:8)
  8 naga simulacra (IceCv)
  4 adders
  9 gnolls
  A howler monkey skeleton (D:7)
  A shadow imp (D:8)
  6 white imps (IceCv)
  8 ufetubi (IceCv)
  A dart slug (D:2)
  53 orcs
  4 ball pythons
  6 endoplasms
  A giant cockroach (D:1)
  2 goblins
  4 hobgoblins
  4 jackals (D:4)
  2 quokkas
  3 bats
  2 frilled lizards
  A goblin skeleton (D:8)
  A goblin zombie (D:8)
  3 hobgoblin zombies (D:8)
  4 kobolds
  A kobold skeleton (D:8)
  2 kobold zombies (D:8)
  An orc skeleton (D:8)
  9 rats
  A butterfly (Lair:1)
614 creatures vanquished.

Vanquished Creatures (others)
  33 fungi
  31 plants
64 creatures vanquished.

Grand Total: 678 creatures vanquished

Notes
Turn   | Place    | Note
-------+----------+-------------------------------------------
     0 | D:1      | jjjjhere the Vine Stalker Brigand began the quest for the
                  | Orb.
     0 | D:1      | Reached XP level 1. HP: 11/11 MP: 2/2
   432 | D:1      | Reached skill level 1 in Dodging
   518 | D:1      | Reached XP level 2. HP: 14/15 MP: 3/3
   628 | D:1      | Reached skill level 5 in Stealth
  1068 | D:2      | Noticed Natasha
  1073 | D:2      | Killed Natasha
  1074 | D:2      | Reached XP level 3. HP: 18/18 MP: 4/4
  1183 | D:2      | Noticed Sigmund
  1189 | D:2      | Killed Sigmund
  1190 | D:2      | Gained mutation: Your natural rate of healing is unusually
                  | fast. [Vine Stalker growth]
  1190 | D:2      | Reached XP level 4. HP: 23/23 MP: 5/5
  1190 | D:2      | Reached XP level 5. HP: 26/26 MP: 6/6
  1408 | D:2      | Noticed Natasha
  1416 | D:2      | Killed Natasha
  1417 | D:2      | Reached XP level 6. HP: 26/30 MP: 5/7
  1490 | D:2      | Noticed Natasha
  1504 | D:2      | Killed Natasha
  2379 | D:3      | Found a faded altar of an unknown god.
  2545 | D:4      | Found a staircase to the Ecumenical Temple.
  2563 | Temple   | Entered the Ecumenical Temple
  2631 | Temple   | Became a worshipper of Uskayaw the Reveller
  2683 | D:4      | Found Teapn's Antique Armour Shop.
  2720 | D:4      | Reached * piety under Uskayaw
  2728 | D:4      | Found an ancient bone altar of Kikubaaqudgha.
  2999 | D:4      | Reached XP level 7. HP: 34/34 MP: 8/8
  3039 | D:4      | Reached ** piety under Uskayaw
  3225 | D:4      | Reached skill level 1 in Invocations
  3264 | D:4      | Noticed Menkaure
  3280 | D:4      | Reached *** piety under Uskayaw
  3281 | D:4      | Killed Menkaure
  3328 | D:4      | Reached skill level 2 in Invocations
  3461 | D:5      | Entered Level 5 of the Dungeon
  3470 | D:5      | Gained mutation: You have razor-sharp teeth. [Vine Stalker
                  | growth]
  3470 | D:5      | Reached XP level 8. HP: 35/38 MP: 8/10
  3588 | D:5      | Reached skill level 5 in Short Blades
  3588 | D:5      | Reached skill level 3 in Invocations
  3658 | D:5      | Found a large runed translucent door.
  3658 | D:5      | Found a large runed translucent door.
  3660 | D:5      | Noticed COBRA's ghost (amateur HOFi)
  3901 | D:5      | Found a sparkling altar of Nemelex Xobeh.
  4028 | D:5      | Found an ornate altar of the Wu Jian Council.
  4028 | D:5      | Found a glowing silver altar of Zin.
  4258 | D:5      | Reached skill level 4 in Invocations
  4285 | D:4      | Noticed Blork the orc
  4298 | D:4      | Killed Blork the orc
  4299 | D:4      | Reached XP level 9. HP: 37/42 MP: 13/13
  4302 | D:4      | Found a white marble altar of Elyvilon.
  4969 | D:6      | Noticed Edmund
  4975 | D:6      | Killed Edmund
  4976 | D:6      | Reached skill level 5 in Dodging
  5013 | D:6      | Found a stormy altar of Qazlal.
  5271 | D:4      | Bought a pair of crude boots for 218 gold pieces
  5271 | D:4      | Identified the +0 pair of boots of Jeylal {Str+3} (You
                  | bought it in a shop on level 4 of the Dungeon)
  5868 | D:7      | Reached **** piety under Uskayaw
  5972 | D:7      | Reached ***** piety under Uskayaw
  5996 | D:7      | Noticed a troll
  6001 | D:7      | Reached skill level 5 in Invocations
  6005 | D:7      | Killed a troll
  6006 | D:7      | Reached skill level 10 in Stealth
  6518 | D:8      | Found a glowing golden altar of the Shining One.
  6596 | D:8      | Reached skill level 6 in Invocations
  6627 | D:8      | Reached XP level 10. HP: 45/46 MP: 15/15
  6659 | D:8      | Found a sacrificial altar of Ru.
  7235 | D:8      | Found Vassytt's Antique Weapon Emporium.
  7432 | D:9      | Found a snail-covered altar of Cheibriados.
  7472 | D:9      | Noticed a death yak
  7474 | D:9      | Found a staircase to the Lair.
  7475 | D:9      | Noticed a death yak
  7477 | D:9      | Noticed a death yak
  7477 | D:9      | Noticed a death yak
  7478 | D:9      | Killed a death yak
  7479 | D:9      | Reached skill level 7 in Invocations
  7489 | D:9      | HP: 15/46 [death yak (17)]
  7524 | D:9      | Killed a death yak
  7671 | D:9      | Found Faonuej's Assorted Antiques.
  7674 | D:9      | Bought a scroll of identify for 54 gold pieces
  7784 | D:9      | Reached skill level 8 in Invocations
  7960 | D:9      | Noticed a manticore
  7963 | D:9      | Killed a manticore
  7964 | D:9      | Reached XP level 11. HP: 50/50 MP: 18/18
  8027 | D:9      | Paralysed by a hornet for 1 turns
  8046 | D:9      | Found the +5 demon whip "Spellbinder" {antimagic, Will+}
  8046 | D:9      | Noticed a skeletal warrior
  8046 | D:9      | Noticed a four-headed hydra
  8046 | D:9      | Noticed a deep elf pyromancer
  8046 | D:9      | Noticed a cyclops
  8046 | D:9      | Noticed a brown ugly thing
  8063 | D:9      | Killed a brown ugly thing
  8064 | D:9      | Reached skill level 9 in Invocations
  8153 | D:9      | Noticed a two-headed ogre
  8160 | D:9      | Killed a two-headed ogre
  8260 | D:9      | Noticed a death yak
  8293 | D:9      | Killed a death yak
  8304 | D:9      | Killed a death yak
  8315 | D:9      | Killed a death yak
  8388 | D:9      | Identified the +3 robe of Diojipp {rC+}
  8543 | D:9      | Found a basalt altar of Yredelemnul.
  8717 | D:9      | Noticed an eight-headed hydra
  8768 | D:9      | Killed an eight-headed hydra
  8769 | D:9      | Reached skill level 10 in Invocations
  8795 | D:9      | Identified the +6 trident of the Wraith {flame, *Noise
                  | rElec rN+ Will++}
  8841 | D:9      | Killed a skeletal warrior
  8930 | D:9      | Identified the +0 steam dragon scales of Autumn {rElec
                  | Regen+ Str-4}
  8930 | D:9      | Noticed a deep elf pyromancer
  8941 | D:9      | Killed a deep elf pyromancer
  8943 | D:9      | Killed a cyclops
  8959 | D:9      | Killed a deep elf pyromancer
  8960 | D:9      | Reached XP level 12. HP: 58/58 MP: 20/20
  8997 | D:9      | Killed a four-headed hydra
  8998 | D:9      | Identified the ring "Byecruap" {rN++ EV+4}
  9529 | Lair:1   | Entered Level 1 of the Lair of Beasts
  9727 | Lair:1   | Reached ****** piety under Uskayaw
  9792 | Lair:1   | Reached skill level 11 in Invocations
  9966 | Lair:1   | Found a glowing golden altar of the Shining One.
 10453 | Lair:2   | Found a frozen archway.
 10467 | IceCv    | Entered an ice cave
 11640 | IceCv    | HP: 15/58 [entropy weaver simulacrum (9)]
 11742 | IceCv    | Noticed a reaper
 11774 | IceCv    | HP: 19/58 [entropy weaver simulacrum (9)]
 12188 | Lair:2   | Noticed Nergalle
 12189 | Lair:2   | Noticed Urug
 12342 | Lair:2   | Killed Urug
 12343 | Lair:2   | Reached skill level 5 in Fighting
 12815 | Lair:2   | Found a staircase to the Swamp.
 12932 | Lair:2   | Killed Nergalle
 12933 | Lair:2   | Reached skill level 12 in Invocations
 13413 | Lair:3   | Reached XP level 13. HP: 57/65 MP: 21/23
 13727 | Lair:3   | Reached skill level 13 in Invocations
 13800 | Lair:3   | Noticed Sonja
 13807 | Lair:3   | Killed Sonja
 14656 | Lair:4   | Found a glowing silver altar of Zin.
 14684 | Lair:4   | Reached skill level 14 in Invocations
 14931 | Lair:4   | Reached XP level 14. HP: 72/72 MP: 25/25
 14938 | Lair:4   | Found a hole to the Spider Nest.
 14952 | Lair:4   | HP: 16/72 [poisoned by a redback]
 15016 | Lair:4   | HP: 22/72 [poisoned by a redback]
 15021 | Lair:4   | HP: 19/72 [culicivora (1)]
 15370 | Lair:5   | You fall into a shaft and drop 1 floor!
 15370 | Lair:6   | Entered Level 6 of the Lair of Beasts
 15379 | Lair:5   | Found a dark tunnel.
 15421 | Volcano  | Entered a volcano
 15504 | Volcano  | Noticed a stone giant
 15531 | Volcano  | Reached skill level 1 in Evocations
 15545 | Volcano  | Killed a stone giant
 15924 | Lair:5   | Reached skill level 1 in Long Blades
 16098 | Lair:5   | Found a runed translucent door.
 16099 | Lair:5   | Found a viscous altar of Jiyva.
 16099 | Lair:5   | Noticed an acid blob
 16100 | Lair:5   | Found a staircase to the Slime Pits.
 16100 | Lair:5   | Noticed an acid blob
 16100 | Lair:5   | Noticed an acid blob
 16160 | Lair:5   | Reached skill level 15 in Invocations
 16845 | Lair:6   | Reached skill level 15 in Stealth
 17046 | Lair:6   | HP: 21/72 [rime drake/flash freeze[a boggart] (17)]
 17051 | Lair:6   | HP: 22/72 [rime drake/flash freeze[a boggart] (13)]
 17290 | Lair:6   | Reached skill level 10 in Short Blades
 17310 | Lair:6   | Reached skill level 16 in Invocations
 17472 | Lair:6   | Reached skill level 1 in Shields
 17519 | Lair:6   | Identified the +1 robe of Conscience {rPois rN+ Dex+3}
 17522 | Lair:6   | Identified the +6 hand axe of a Billion Geomancers {venom,
                  | rElec rF+ rC+}
 17695 | Lair:6   | Noticed Snorg
 17706 | Lair:6   | Killed Snorg
 18138 | D:10     | Entered Level 10 of the Dungeon
 18155 | D:10     | Found an iron altar of Okawaru.
 18168 | D:10     | Got Uppocese's Handbook of the Birds
 18534 | D:10     | Found Kimuy's Jewellery Shop.
 18559 | D:10     | Reached XP level 15. HP: 65/77 MP: 21/28
 19152 | D:11     | Found a sacrificial altar of Ru.
 19297 | D:12     | Found a staircase to the Orcish Mines.
 19660 | D:12     | HP: 22/77 [skeletal warrior/+0 trident[a skeletal warrior]
                  | (15)]
 19978 | D:12     | Reached skill level 5 in Shields
 20275 | Orc:1    | Entered Level 1 of the Orcish Mines
 20278 | Orc:1    | Noticed Harold
 20415 | Orc:1    | Gained mutation: Armour fits poorly on your strangely
                  | shaped body. [a neqoxec]
 20419 | Orc:1    | Noticed Erica
 20427 | Orc:1    | Killed Erica
 20429 | Orc:1    | Killed Harold
 20618 | Orc:2    | Entered Level 2 of the Orcish Mines
 20714 | Orc:1    | Noticed Josephine
 20726 | Orc:1    | Killed Josephine
 20878 | Orc:2    | Found a staircase to the Elven Halls.
 21114 | Orc:2    | Found Seavus's General Store.
 21238 | Orc:2    | Found Kidocwer's Distillery.
 21387 | Orc:2    | Noticed Donald
 21391 | Orc:2    | Killed Donald
 21855 | Orc:2    | Paralysed by an orc sorcerer for 4 turns
 21859 | Orc:2    | HP: 23/78 [demonspawn (8)]
 21859 | Orc:2    | HP: 1/78 [orc knight/+0 glaive (17)]
 21859 | Orc:2    | Slain by an orc sorcerer

Illustrated notes

Levels and vault maps discovered:
D:1:      lordsloth_arrival_two_stooges, layout_basic
D:2:      layout_basic, uniq_natasha, uniq_sigmund
D:3:      layout_loops_ring, shapermc_ecumenical_altar_petra
D:4:      layout_loops_corners, old_standard_altar,
          nicolae_overflow_hidden_temple, minmay_temple_entry_ruins,
          serial_shops, shop, uniq_blork_the_orc, uniq_menkaure
D:5:      layout_basic, gammafunk_temple_overflow_wave,
          mainiacjoe_overflow_cross_hatched, ebering_ghost_disaster_area
D:6:      layout_loops_ring, mainiacjoe_overflow_brackets, uniq_edmund
D:7:      layout_basic
D:8:      layout_loops_ring, nicolae_tso_besieged_by_evil,
          mainiacjoe_overflow_boulevard, serial_shops, kennysheep_little_box
D:9:      minmay_the_grid_square_5x5_3x3
          [minmay_the_grid_square_5x5_eight_small,
          minmay_the_grid_square_5x5_doubleslash,
          minmay_the_grid_square_5x5_beaten_path,
          minmay_the_grid_square_5x5_spiral,
          minmay_the_grid_square_5x5_megaprize_open,
          minmay_the_grid_square_5x5_seven, minmay_the_grid_square_5x5_meh,
          minmay_the_grid_square_5x5_minibox,
          minmay_the_grid_square_5x5_moneybag], layout_cave_pods,
          mainiacjoe_overflow_alcove_4, mainiacjoe_overflow_tiny_flanked,
          dpeg_lair_monsters, serial_shops, nicolae_shop_crystal, minivault_22,
          minmay_quadrilaterals
D:10:     layout_irregular_city, lemuel_tele_altar, serial_shops,
          nicolae_shop_advertising_works [nicolae_subvault_shop_adworks]
D:11:     minmay_angry_zag, layout_rooms, nicolae_ru_the_path_less_chosen
D:12:     layout_long_grid, minmay_orc_entry_guard_dogs
Temple:   bh_familiar_temple
Lair:1:   layout_loops_ring, minivault_19, lemuel_oklob_altar,
          lemuel_fruit_fields, grunt_megastairs_3
Lair:2:   layout_gridlike, minmay_swamp_entry_worms,
          portal_ice_cave_entry_pillars_1, st_stairs_4, uniq_nergalle, uniq_urug
Lair:3:   layout_gridlike, uniq_sonja
Lair:4:   layout_misc_corridors, nicolae_spider_entry_tight_spaces, basic_altar,
          serial_bayou_shore_b
Lair:5:   layout_small_grid, slime_altar_2, nicolae_volcano_entry_two_sided
Lair:6:   minmay_lair_end_enchanted_forest, layout_gridlike, lemuel_fruit_tree,
          infiniplex_staircase_pool, uniq_snorg
Orc:1:    layout_caves, uniq_harold, uniq_erica, uniq_josephine
Orc:2:    pf_orc_diabolical, layout_caves, nicolae_orc_sculptors_studio,
          library_closet, uniq_donald, uniq_jorgrun

Skill      XL: |  1  2  3  4  5  6  7  8  9 10 11 12 13 14 15 |
---------------+----------------------------------------------+-----
Dodging        | 1 2 3 4 5 6 7 8 |  8.2
Short Blades   | 2 3 4 5 7 9 10 11 | 11.9
Stealth        | 5 6 7 9 10 11 12 14 15 | 15.0
Invocations    | 2 4 6 8 10 12 14 16 | 16.5
Fighting       | 3 5 7 8 |  8.4
Evocations     | 2 |  2.6
Long Blades    | 2 |  2.7
Shields        | 2 5 |  5.4
Throwing       | |  1.7

Action                   |  1- 3 |  4- 6 |  7- 9 | 10-12 | 13-15 || total
-------------------------+-------+-------+-------+-------+-------++-------
Melee: Dagger            |    29 |    78 |   321 |   883 |   646 ||  1957
       Bite              |     8 |    23 |    93 |   365 |   627 ||  1116
       Punch             |     1 |       |     8 |    23 |    15 ||    47
       Rapier            |       |       |       |       |   744 ||   744
Throw: Throwing net      |       |       |       |     1 |       ||     1
Invok: Stomp             |       |       |       |     1 |       ||     1
       Line Pass         |       |       |       |     3 |     2 ||     5
Evoke: Wand              |       |       |       |    11 |       ||    11
       Phantom mirror    |       |       |       |     1 |       ||     1
  Use: Scroll            |       |     5 |     4 |     7 |    15 ||    31
       Potion            |       |       |       |       |     2 ||     2
 Stab: Sleeping          |     6 |    14 |    20 |    21 |    38 ||    99
       Distracted        |       |     2 |       |     2 |    20 ||    24
       Paralysed         |       |       |    13 |    29 |    78 ||   120
       Held in net/web   |       |       |       |     2 |       ||     2
       Confused          |       |       |       |     2 |     1 ||     3
Armor: Robe              |     4 |    13 |    42 |    86 |       ||   145
       Steam dragon scal |       |       |       |    28 |   170 ||   198
Dodge: Dodged            |     9 |    35 |   165 |   631 |  1147 ||  1987
Block: Buckler           |       |       |       |       |   162 ||   162
       Kite shield       |       |       |       |       |    24 ||    24
